 Dungeon Crawl Stone Soup version 0.23.2-40-g277498a001 (webtiles) character file.

Game seed: 5601155994098733360

16596 Glamhuggeren the Slinger (level 12, -9/100 HPs)
             Began as a Naga Transmuter on Oct 1, 2019.
             Was a High Priest of Cheibriados.
             Mangled by Kirke (13 damage)
             ... on level 12 of the Dungeon.
             The game lasted 01:20:27 (15070 turns).

Glamhuggeren the Slinger (Naga Transmuter)         Turns: 15070, Time: 01:20:27

Health: -9/100     AC:  0    Str: 30    XL:     12   Next: 39%
Magic:  18/18      EV: 15    Int: 29    God:    Cheibriados [*****.]
Gold:   493        SH:  2    Dex: 26    Spells: 4/19 levels left

rFire    . . .     SeeInvis +     - Unarmed
rCold    . . .     Gourm    .   (shield currently unavailable)
rNeg     . . .     Faith    .   (armour currently unavailable)
rPois    .         Spirit   .   (helmet currently unavailable)
rElec    .         Reflect  +   (cloak currently unavailable)
rCorr    .         Harm     .   (gloves currently unavailable)
MR       +....                  (no barding)
Stlth    +++++.....             i - +2 amulet of reflection
HPRegen  0.26/turn              (ring currently unavailable)
MPRegen  0.16/turn              (ring currently unavailable)

@: about to teleport, pig-form, very slow
A: small, see invisible, sense surroundings 1, robust 1, slow metabolism 1, spit
poison 1, AC +4
a: Spit Poison, Bend Time, Temporal Distortion, Slouch, Step From Time, Renounce
Religion


You were on level 12 of the Dungeon.
You worshipped Cheibriados.
Cheibriados was extremely pleased with you.
You were full.
You were a filthy swine.
You visited 2 branches of the dungeon, and saw 13 of its levels.
You also visited: Sewer and Ice Cave.

You collected 724 gold pieces.
You spent 231 gold pieces at shops.

Inventory:

Hand Weapons
 a - a +2 dagger of protection
 b - the +9 hunting sling of Flawed Execution (melded) {velocity, rPois Str+3}
   (You took it off a gnoll on level 4 of the Dungeon)

   Any stone fired from it inflicts extra damage.
   It affects your strength (+3).
   It protects you from poison.
 G - a +3 scimitar of flaming
 K - a +0 flail
Missiles
 c - 232 stones (quivered)
 p - 248 arrows
 s - 59 sling bullets
Armour
 f - a +0 helmet (melded)
 H - a +1 robe of positive energy
 J - a +0 large shield
 N - a +0 buckler (melded)
 Q - the cursed +1 robe of Repulsion (melded) {MR+ Dex+6}
   (You found it on level 8 of the Dungeon)

   It affects your dexterity (+6).
   It affects your resistance to hostile enchantments.
   It has a curse placed upon it.
 S - a +1 cloak of invisibility (melded)
Jewellery
 e - a +4 ring of evasion (melded)
 i - a +2 amulet of reflection (around neck)
 x - the amulet of Nosy {Gourm -Tele rElec Int+8}
   (You acquired it on level 11 of the Dungeon)

   [amulet of the gourmand]

   It allows you to eat raw meat even when not hungry.
   It affects your intelligence (+8).
   It insulates you from electricity.
   It prevents most forms of teleportation.
 L - an uncursed ring of wizardry
 T - the ring "Antaoc" (melded) {+Blink rN+ Int+2}
   (You found it on level 10 of the Dungeon)

   [ring of positive energy]

   It affects your intelligence (+2).
   It protects you from negative energy.
   It lets you blink.
Wands
 j - a wand of scattershot (10)
 n - a wand of disintegration (12)
 O - a wand of iceblast (19)
 R - a wand of flame (58)
Scrolls
 g - 7 scrolls of blinking
 h - a scroll of summoning {unknown}
 m - 5 scrolls of teleportation
 v - 2 scrolls of remove curse
 z - 3 scrolls of magic mapping
 B - 3 scrolls of amnesia
Potions
 l - a potion of lignification
 o - a potion of agility
 q - 4 potions of brilliance
 A - 2 potions of heal wounds
 C - a potion of might
 D - 3 potions of ambrosia
Comestibles
 d - 22 rations


   Skills:
 - Level 1.0 Fighting
 * Level 10.7 Slings
 - Level 2.0 Dodging
 - Level 10.0 Stealth
 + Level 5.5 Shields
 - Level 3.0 Unarmed Combat
 - Level 4.0 Spellcasting
 - Level 10.0 Transmutations
 - Level 6.0 Poison Magic
 + Level 3.2 Invocations
 - Level 5.2 Evocations


You had 4 spell levels left.
You knew the following spells:

 Your Spells              Type           Power        Failure   Level  Hunger
a - Beastly Appendage     Tmut           ######       1%          1    None
b - Sticks to Snakes      Tmut           ######..     1%          2    None
c - Spider Form           Tmut/Pois      ######....   1%          3    ##.....
d - Blade Hands           Tmut           ######....   3%          5    #####..
e - Ice Form              Ice/Tmut       ####....     9%          4    ####...

Your spell library contained the following spells:

 Spells                   Type           Power        Failure   Level  Hunger
 Flame Tongue             Conj/Fire      #....        7%          1    None
 Magic Dart               Conj           #...         7%          1    None
 Searing Ray              Conj           #.....       11%         2    None
 Throw Flame              Conj/Fire      #.....       11%         2    None
 Conjure Flame            Conj/Fire      #.......     21%         3    ##.....
 Dazzling Spray           Conj/Hex       #.....       21%         3    ##.....
 Inner Flame              Hex/Fire       #.......     21%         3    ##.....
 Force Lance              Conj/Tloc      #.......     56%         4    ####...
 Fulminant Prism          Conj/Hex       #.........   56%         4    ####...
 Iskenderun's Mystic Bla  Conj           #.......     56%         4    ####...
 Sticky Flame             Conj/Fire      #.......     56%         4    ####...
 Fireball                 Conj/Fire      #.........   88%         5    #####..


Dungeon Overview and Level Annotations

Branches:
Dungeon (12/15)            Temple (1/1) D:5            Lair (0/6) D:8
    Orc (0/2) D:10

Altars:
Ashenzari
Cheibriados
Dithmenos
Elyvilon
Fedhas
Gozag
Hepliaklqana
Kikubaaqudgha
Makhleb
Nemelex Xobeh
Okawaru
Qazlal
Ru
Sif Muna
Trog
Uskayaw
Vehumet
Wu Jian
Xom
Yredelemnul
Zin
The Shining One

Shops:
D:8 [

Annotations:
D:12 Kirke


Innate Abilities, Weirdness & Mutations

You cannot wear boots.
((Your serpentine skin is tough. (AC +4)))
You have supernaturally acute eyesight. (SInv)
((Armour fits poorly on your strangely shaped body.))
((Your system is resistant to poisons. (rPois)))
((You cover ground very slowly.))
You have a slow metabolism.
You can spit poison.
((You are partially covered in slimy green scales. (AC +2)))
You passively map a small area around you.
You are robust. (+10% HP)


Message History

You can't go up here!
You can't do that in your present form.
Kirke gestures wildly while chanting.
Kirke summons a lindwurm!
The lindwurm bites you! The lindwurm claws you. x2
Kirke points at you and mumbles some strange words.
You resist with significant effort. The lindwurm breathes flames at you.
The blast of flame hits you!!! The lindwurm completely misses you.
The lindwurm misses you. The lindwurm claws you.
Okay, then.
As you read the scroll of teleportation, it crumbles to dust.
You feel strangely unstable. The lindwurm bites you!
* * * LOW HITPOINT WARNING * * *
The lindwurm claws you!
* * * LOW HITPOINT WARNING * * *
The lindwurm claws you.
* * * LOW HITPOINT WARNING * * *
Kirke hits you!
You die...

#..........#....#####....#####.#
#.......^......## ####...###..
##.....(........##* #........
#.....(...##.....# ###.#......
##.....(.## ####..###...###(...
#.........# *#.....#####...[
#.........# ###...####.....##
#.........# ###............###
#.........###kh.#..........#
#........hhhh@###......)...#
##........##### ############
##....=### ###.### #######.##
...#.....## ..........##
...........#


You could see Kirke, a lindwurm and 4 hogs.

Vanquished Creatures
  Erica (D:8)
  3 two-headed ogres
  An unseen horror (D:12)
  2 ugly things
  3 centaur zombies
  4 ice devils (IceCv)
  2 trolls (D:12)
  Grinder (D:6)
  A hippogriff (D:10)
  A wyvern (D:12)
  18 yaks
  A wraith (D:12)
  A basilisk (D:12)
  4 hungry ghosts
  A hog (D:12)
  A water moccasin (D:10)
  2 porcupines (D:8)
  4 orc warriors
  2 sky beasts
  2 black bears
  2 ice beasts
  3 ogres
  4 phantoms
  3 centaurs
  7 bullfrogs
  A scorpion (D:9)
  2 troll zombies (D:10)
  10 killer bees
  3 wights (D:9)
  A howler monkey (D:10)
  3 bullfrog zombies
  3 crimson imps
  3 jellies
  6 hounds
  A centaur skeleton (D:6)
  10 orc priests
  7 worker ants
  5 iguanas
  11 orc wizards
  4 ogre zombies (D:10)
  2 hound skeletons
  A howler monkey zombie (D:5)
  A worker ant zombie (D:11)
  4 gnolls
  23 adders
  3 river rats (Sewer)
  2 shadow imps
  2 oozes
  An adder zombie (D:6)
  An adder skeleton (D:6)
  4 worms
  A dart slug (D:1)
  9 leopard geckos
  43 orcs
  7 ball pythons
  8 giant cockroaches
  10 goblins
  4 hobgoblins
  12 jackals
  7 kobolds
  4 quokkas
  6 bats
  13 frilled lizards
  A goblin skeleton (D:10)
  3 goblin zombies (D:10)
  A hobgoblin skeleton (D:10)
  2 hobgoblin zombies (D:10)
  3 orc skeletons (D:10)
  9 orc zombies (D:10)
  2 quokka zombies
  17 rats
350 creatures vanquished.

Vanquished Creatures (collateral kills)
  An orc (D:3)
1 creature vanquished.

Vanquished Creatures (others)
  Nessos (D:12)
  Maurice (D:8)
  6 fungi (D:8)
8 creatures vanquished.

Grand Total: 359 creatures vanquished

Notes
Turn   | Place    | Note
-------+----------+-------------------------------------------
     0 | D:1      | Glamhuggeren the Naga Transmuter began the quest for the
                  | Orb.
     0 | D:1      | Reached XP level 1. HP: 18/18 MP: 3/3
   173 | D:1      | Reached XP level 2. HP: 10/25 MP: 5/5
   355 | D:1      | Learned a level 2 spell: Sticks to Snakes
  1320 | D:2      | Reached XP level 3. HP: 31/31 MP: 3/6
  1338 | D:2      | Learned a level 3 spell: Spider Form
  1401 | D:2      | Reached skill level 1 in Poison Magic
  1673 | D:2      | Reached XP level 4. HP: 38/38 MP: 7/7
  2425 | D:3      | Reached XP level 5. HP: 17/44 MP: 8/8
  2476 | D:3      | Noticed a moth of wrath
  3177 | D:3      | Reached XP level 6. HP: 48/51 MP: 8/10
  3352 | D:3      | Found a bloodstained altar of Trog.
  3865 | D:4      | Reached skill level 1 in Stealth
  4119 | D:4      | Reached skill level 5 in Transmutations
  4131 | D:4      | Identified the +9 hunting sling of Flawed Execution
                  | {velocity, rPois Str+3}
  4142 | D:4      | Reached XP level 7. HP: 49/57 MP: 7/11
  4156 | D:4      | Reached skill level 5 in Poison Magic
  4363 | D:4      | Found a glowing silver altar of Zin.
  4586 | D:4      | Found an opulent altar of Gozag.
  4586 | D:4      | Found a blossoming altar of Fedhas.
  4684 | D:4      | Learned a level 5 spell: Blade Hands
  4793 | D:5      | Entered Level 5 of the Dungeon
  4827 | D:5      | Found a glowing drain.
  4868 | Sewer    | Entered a sewer
  5281 | D:5      | Found a sparkling altar of Nemelex Xobeh.
  5426 | D:5      | Reached skill level 1 in Slings
  5687 | D:5      | Found a staircase to the Ecumenical Temple.
  5702 | Temple   | Entered the Ecumenical Temple
  5730 | Temple   | Became a worshipper of Cheibriados the Contemplative
  5831 | D:5      | Reached XP level 8. HP: 34/64 MP: 12/12
  6000 | D:5      | Found a sacrificial altar of Ru.
  6030 | D:5      | Found a basalt altar of Yredelemnul.
  6233 | D:6      | Reached * piety under Cheibriados
  6249 | D:6      | Noticed Grinder
  6263 | D:6      | Killed Grinder
  6263 | D:6      | Reached skill level 5 in Stealth
  6807 | D:6      | Found a shimmering altar of Xom.
  6815 | D:6      | Found a hazy altar of Hepliaklqana.
  6815 | D:6      | Noticed a torpor snail
  6817 | D:6      | Noticed a torpor snail
  6817 | D:6      | Noticed a spectral ugly thing
  6868 | D:6      | Reached ** piety under Cheibriados
  6979 | D:6      | Reached XP level 9. HP: 70/70 MP: 14/14
  8062 | D:7      | Reached skill level 5 in Slings
  8325 | D:8      | Reached skill level 1 in Invocations
  8632 | D:8      | Reached skill level 1 in Shields
  8790 | D:8      | Noticed Maurice
  8803 | D:8      | Killed Maurice
  8803 | D:8      | Reached XP level 10. HP: 64/78 MP: 16/16
  8813 | D:8      | Reached *** piety under Cheibriados
  8884 | D:8      | Noticed Erica
  9002 | D:8      | Killed Erica
  9429 | D:8      | Found an opulent altar of Gozag.
  9627 | D:8      | Found a staircase to the Lair.
  9629 | D:8      | Got a fabulously ornate robe
  9642 | D:8      | Identified the cursed +1 robe of Repulsion {MR+ Dex+6} (You
                  | found it on level 8 of the Dungeon)
  9692 | D:8      | Found Zisegg's Armour Emporium.
  9695 | D:8      | Bought a +1 cloak of invisibility for 231 gold pieces
  9781 | D:9      | Noticed a two-headed ogre
  9789 | D:9      | Noticed a two-headed ogre
  9792 | D:9      | Killed a two-headed ogre
  9792 | D:9      | Reached skill level 1 in Evocations
  9797 | D:9      | Killed a two-headed ogre
 10010 | D:9      | Reached skill level 10 in Transmutations
 10021 | D:9      | Reached **** piety under Cheibriados
 10021 | D:9      | Reached XP level 11. HP: 84/84 MP: 17/17
 10318 | D:9      | Reached skill level 10 in Stealth
 10646 | D:10     | Entered Level 10 of the Dungeon
 10701 | D:10     | Got a pitted jade ring
 10720 | D:10     | Identified the ring "Antaoc" {+Blink rN+ Int+2} (You found
                  | it on level 10 of the Dungeon)
 10813 | D:10     | Found a staircase to the Orcish Mines.
 10865 | D:10     | Reached ***** piety under Cheibriados
 11632 | D:11     | Identified a scroll of acquirement
 11633 | D:11     | Got a slimy diamond amulet
 11634 | D:11     | Identified the amulet of Nosy {Gourm -Tele rElec Int+8}
                  | (You acquired it on level 11 of the Dungeon)
 11704 | D:11     | Found a frozen archway.
 11713 | IceCv    | Entered an ice cave
 11727 | IceCv    | Learned a level 4 spell: Ice Form
 12209 | D:11     | Noticed a green ugly thing
 12225 | D:11     | Killed a green ugly thing
 13274 | D:12     | Noticed Nessos
 13274 | D:12     | Noticed a two-headed ogre
 13279 | D:12     | Noticed Kirke
 13282 | D:11     | Killed a two-headed ogre
 13282 | D:11     | Reached skill level 5 in Evocations
 13282 | D:11     | Reached XP level 12. HP: 40/91 MP: 18/18
 13991 | D:12     | Reached skill level 10 in Slings
 14042 | D:12     | Killed Nessos
 14042 | D:12     | Reached skill level 5 in Shields
 14747 | D:12     | Noticed a sphinx
 15042 | D:12     | Gained mutation: You are robust. (+10% HP) [potion of
                  | mutation]
 15042 | D:12     | Gained mutation: You passively map a small area around you.
                  | [potion of mutation]
 15042 | D:12     | Gained mutation: You are partially covered in slimy green
                  | scales. (AC +2) [potion of mutation]
 15070 | D:12     | HP: 4/100 [lindwurm[Kirke] (4)]
 15070 | D:12     | Mangled by Kirke

Skill      XL: |  1  2  3  4  5  6  7  8  9 10 11 12 |
---------------+-------------------------------------+-----
Dodging        | 2 |  2.0
Transmutations | 3 4 5 6 7 8 10 | 10.0
Poison Magic   | 1 2 3 4 6 |  6.0
Spellcasting   | 3 4 |  4.0
Stealth        | 2 4 5 8 9 10 | 10.0
Slings         | 1 3 5 7 9 10 | 10.7
Invocations    | 2 3 |  3.2
Shields        | 1 2 4 5 |  5.5
Evocations     | 2 5 |  5.2
Fighting       | |  1.0
Unarmed Combat | |  3.0

Action                   |  1- 3 |  4- 6 |  7- 9 | 10-12 || total
-------------------------+-------+-------+-------+-------++-------
Melee: Unarmed           |    46 |    35 |    21 |    12 ||   114
       Dagger            |    67 |   367 |     6 |       ||   440
       Headbutt          |     1 |    19 |       |       ||    20
       Punch             |     1 |       |       |       ||     1
 Fire: Hunting sling     |     2 |     4 |   301 |   527 ||   834
Throw: Stone             |     3 |     2 |       |       ||     5
 Cast: Beastly Appendage |     4 |     7 |       |       ||    11
       Sticks to Snakes  |     2 |     1 |     1 |       ||     4
       Spider Form       |       |     4 |     1 |       ||     5
       Ice Form          |       |       |       |     2 ||     2
       Blade Hands       |       |       |       |     1 ||     1
Invok: Bend Time         |       |       |     1 |     2 ||     3
 Abil: Spit Poison       |     3 |     3 |       |       ||     6
  Use: Scroll            |     1 |     8 |     2 |    14 ||    25
       Potion            |       |       |     2 |     8 ||    10
 Stab: Sleeping          |     1 |       |     1 |       ||     2
  Eat: Chunk             |     2 |     7 |     3 |    13 ||    25
       Ration            |       |       |     4 |     1 ||     5
Armor: Robe              |     6 |    13 |    25 |    18 ||    62
       Scale mail        |    18 |   128 |       |       ||   146
       Skin              |       |     1 |       |     7 ||     8
Dodge: Dodged            |    80 |   272 |   108 |    82 ||   542
Block: Buckler           |       |       |       |    37 ||    37
       Other             |       |       |       |     1 ||     1
       Reflection        |       |       |       |     1 ||     1
